 Dungeon Crawl Stone Soup version 0.28.0-47-ge53b351184 (webtiles) character file.

Game seed: 6113950541815757872

383 mortz the Gusty (level 6, 0/46 HPs)
             Began as a Draconian Air Elementalist on Apr 25, 2022.
             Slain by an orc wizard
             ... wielding a +0 dagger
              (4 damage)
             ... on level 4 of the Dungeon.
             The game lasted 00:22:20 (4578 turns).

mortz the Gusty (Draconian Air Elementalist)        Turns: 4578, Time: 00:22:21

Health: 0/46       AC:  7    Str: 10    XL:     6   Next: 47%
Magic:  1/11       EV: 11    Int: 17    God:
Gold:   113        SH:  3    Dex: 12    Spells: 9/12 levels left

rFire   . . .      SeeInvis .   f - +0 war axe {axe}
rCold   . . .      Faith    .   c - +0 buckler
rNeg    + . .      Spirit   .   (armour unavailable)
rPois   .          Reflect  .   (helmet restricted)
rElec   .          Harm     .   e - +0 cloak
rCorr   .          Rampage  .   (no gloves)
Will    .....                   (no boots)
Stlth   ++........              l - macabre finger necklace {rN+}
HPRegen 0.15/turn               (no ring)
MPRegen 0.12/turn               (no ring)
                                (no ring)

@: no status effects
A: AC +6, unfitting armour, cold-blooded
a: no special abilities


You were on level 4 of the Dungeon.
You visited 1 branch of the dungeon, and saw 4 of its levels.

You collected 113 gold pieces.


Innate Abilities, Weirdness & Mutations

Your plain brown scales are hard. (AC +6)
You cannot fit into any form of body armour.
You are cold-blooded and may be slowed by cold attacks.


   Skills:
 + Level 0.3 Fighting
 + Level 0.3 Axes
 + Level 2.1 Dodging
 + Level 2.5 Stealth
 + Level 3.7 Spellcasting
 + Level 3.2 Conjurations
 + Level 4.8 Air Magic


You had 9 spell levels left.
You knew the following spells:

 Your Spells              Type           Power      Damage    Failure   Level
a - Shock                 Conj/Air       64%        1d7       4%          1
b - Static Discharge      Conj/Air       16%        N/A       6%          2

Your spell library contained the following spells:

 Spells                   Type           Power      Damage    Failure   Level
 Swiftness                Air            19%        N/A       9%          3
 Airstrike                Air            9%         N/A       30%         4
 Summon Guardian Golem    Hex/Summ       3%         N/A       54%         3
 Orb of Destruction       Conj           7%         9d6       100%        7
 Spellforged Servitor     Conj/Summ      4%         N/A       100%        7

Inventory:

Hand Weapons
 d - a +0 short sword {short}
   (You took it off a kobold on level 1 of the Dungeon)
 f - a +0 war axe (weapon) {axe}
   (You found it on level 1 of the Dungeon)
 j - a +0 falchion {long}
   (You found it on level 3 of the Dungeon)
Missiles
 b - 36 arrows
 i - 4 poisoned darts {throwing}
 m - 3 silver javelins {throwing}
Armour
 c - a +0 buckler (worn)
   (You found it on level 2 of the Dungeon)
 e - a +0 cloak (worn)
   (You found it on level 1 of the Dungeon)
Jewellery
 l - the macabre finger necklace (around neck) {rN+}
   (You found it on level 3 of the Dungeon)

   [amulet of nothing]

   It enables you to equip an extra ring.
   rN:        It protects you from negative energy.
Scrolls
 a - 2 scrolls of magic mapping {unknown}
 k - a scroll of blinking {unknown}
 o - a scroll of identify {@r1}
 p - 2 scrolls of enchant weapon {unknown}
Potions
 g - a potion of mutation {!q}
 h - 2 potions of invisibility
 n - a potion of heal wounds {@q2}

Dungeon Overview and Level Annotations

Branches:
Dungeon (4/15)
 Temple: D:4-7

Altars:

#....#.#######......
#.....###....†.............
#..............#######......
h.........####...### #######
#....h....# #.....####
#<........# #####....#####
..........# ####.....#
o....).)..###############.###
.........)†{@†.).....####....
#.........##########.........
#.........# ##########
#.........# #.........#
##.......## ##.$...## #######


There were no monsters in sight!


Message History

The zap misses the orc wizard. 😕 HP[+1] MP[-1]
You lost 1 mp, and now have 0/11 mp.
You don't have enough magic to cast this spell.
The orc wizard gestures at you while chanting.
The magic dart hits you!
Things that are here:
a hound corpse; a jackal corpse; 😮 HP[-9] MP[+1]
You take 9 damage, and now have 31/46 hp.
You block the orc wizard's attack.
You completely miss the orc wizard.
The orc wizard hits you but does no damage.
The orc wizard barely misses you.
You barely miss the orc wizard.
The orc wizard gestures wildly while chanting.
The orc wizard flickers and vanishes!
Deactivating autopickup; reactivate with Ctrl-A.
You miss something.
Your tail-slap misses something.
Something hits you. Something hits you but does no damage.
You miss something.
Your tail-slap misses something.
Something hits you. 😮 HP[-1]
You take 1 damage, and now have 30/46 hp.
You miss something. Something hits you but does no damage.
You hear some strange, mumbled words.
A magic dart appears from out of thin air!
The magic dart hits you. 😮 HP[-4] MP[+1]
You take 4 damage, and now have 26/46 hp.
You closely miss something. Something hits you.
* * * LOW HITPOINT WARNING * * *
😨 HP[-3]
You take 3 damage, and now have 23/46 hp.
Casting: Shock (safe; 4% risk of failure)
Confirm with . or Enter, or press ? or * to list all spells.
You can't see any susceptible monsters within range! (Use Z to cast anyway.) Unknown command.
Casting: Shock (safe; 4% risk of failure)
Confirm with . or Enter, or press ? or * to list all spells.
Something is struck by an arc of lightning.
You are struck by an arc of lightning.
* * * LOW HITPOINT WARNING * * *
The lightning grounds out.
Something hits you but does no damage. 😨 HP[-1] MP[-2]
You take 1 damage, and now have 22/46 hp.
You lost 2 mp, and now have 0/11 mp.
You closely miss something. Something hits you but does no damage.
Something hits you.
* * * LOW HITPOINT WARNING * * *
😨 HP[-3]
You take 3 damage, and now have 19/46 hp.
You closely miss something.
Your tail-slap misses something.
You block something's attack.
You hit something but do no damage. You tail-slap something.
Something hits you but does no damage.
You hear some strange, mumbled words.
A magic dart appears from out of thin air!
The magic dart hits you.
* * * LOW HITPOINT WARNING * * *
😨 HP[-5] MP[+1]
You take 5 damage, and now have 14/46 hp.
You barely miss something. Something hits you but does no damage.
Something hits you.
* * * LOW HITPOINT WARNING * * *
😨 HP[-1]
You take 1 damage, and now have 13/46 hp.
You closely miss something. Something hits you.
* * * LOW HITPOINT WARNING * * *
😨 HP[-1]
You take 1 damage, and now have 12/46 hp.
Aiming: Shock (safe; 4% risk of failure)
Press: ? - help, Q - select action, (/) - cycle Shift-Dir - straight line, f - you
Okay, then.
Casting: Shock (safe; 4% risk of failure)
Confirm with . or Enter, or press ? or * to list all spells.
Aiming: Shock (safe; 4% risk of failure)
Press: ? - help, Shift-Dir - straight line The zap hits something but does no damage.
Something hits you.
* * * LOW HITPOINT WARNING * * *
😱 HP[-2] MP[-1]
You take 2 damage, and now have 10/46 hp.
You lost 1 mp, and now have 0/11 mp.
You miss something. Something hits you but does no damage.
You hear some strange, mumbled words.
A magic dart appears from out of thin air!
The magic dart hits you.
* * * LOW HITPOINT WARNING * * *
😱 HP[-4]
You take 4 damage, and now have 6/46 hp.
You miss something. Something hits you.
* * * LOW HITPOINT WARNING * * *
😱 HP[-3]
You take 3 damage, and now have 3/46 hp.
You closely miss something.
Something hits you but does no damage. x2 😱 MP[+1]
You miss something.
Something hits you but does no damage. 😱 HP[+1]
You hit something but do no damage.
Your tail-slap misses something.
Something hits you.
You die...

Skill      XL: |  1  2  3  4  5 |
---------------+----------------+-----
Stealth        | 2 |  2.5
Dodging        | 2 |  2.1
Conjurations   | 2 3 |  3.2
Air Magic      | 4 |  4.8
Spellcasting   | 3 |  3.7
Fighting       | |  0.3
Axes           | |  0.3

Action                   |  1- 3 |  4- 6 || total
-------------------------+-------+-------++-------
Melee: Unarmed           |    10 |       ||    10
       Tailslap          |     4 |     1 ||     5
       War axe           |     9 |    17 ||    26
 Cast: Shock             |    87 |    73 ||   160
       Static Discharge  |    10 |    15 ||    25
  Use: Scroll            |     1 |     2 ||     3
Armor: Skin              |     5 |    11 ||    16
Dodge: Dodged            |    15 |     4 ||    19
Block: Buckler           |     1 |     2 ||     3

Levels and vault maps discovered:
D:1:      dpeg_arrival_orchard, layout_basic, minivault_14
D:2:      layout_loops_ring, ebering_ecumenical_altar_sacrificial,
          serial_bayou_lagoon_b
D:3:      layout_basic
D:4:      layout_rooms

Notes
Turn   | Place    | Note
-------+----------+-------------------------------------------
     0 | D:1      | mortz the Draconian Air Elementalist began the quest for
                  | the Orb.
     0 | D:1      | Reached XP level 1. HP: 14/14 MP: 3/3
     0 | D:1      | magus.rc [v1.9.6]
   149 | D:1      | Reached skill level 2 in Stealth
   514 | D:1      | Reached XP level 2. HP: 20/20 MP: 3/5
   554 | D:1      | Reached skill level 2 in Dodging
   854 | D:1      | Learned a level 2 spell: Static Discharge
  1216 | D:2      | You pick up a book of Dangerous Friends and begin
                  | reading...
  1216 | D:2      | You add the spells Summon Guardian Golem, Orb of
                  | Destruction and Spellforged Servitor to your library.
  1249 | D:2      | Reached XP level 3. HP: 15/26 MP: 1/6
  1687 | D:2      | Found a faded altar of an unknown god.
  2644 | D:3      | Reached skill level 2 in Conjurations
  2644 | D:3      | Reached XP level 4. HP: 33/33 MP: 4/7
  3739 | D:3      | Found the macabre finger necklace {rN+}
  3893 | D:4      | Noticed a necrophage
  3999 | D:4      | Reached skill level 4 in Air Magic
  3999 | D:4      | Reached XP level 5. HP: 31/38 MP: 0/9
  4098 | D:4      | Reached skill level 3 in Spellcasting
  4174 | D:4      | Killed a necrophage
  4175 | D:4      | Reached skill level 3 in Conjurations
  4296 | D:4      | Reached XP level 6. HP: 30/45 MP: 3/11
  4573 | D:4      | HP: 10/46 [something (2)]
  4575 | D:4      | HP: 3/46 [something (3)]
  4578 | D:4      | Slain by an orc wizard

Vanquished Creatures
  A necrophage (D:4)
  A jelly (D:4)
  2 hounds (D:4)
  An orc priest (D:4)
  2 iguanas
  An orc wizard (D:4)
  4 adders
  3 worms (D:2)
  A dart slug (D:2)
  5 orcs
  2 bats
  2 endoplasms
  5 giant cockroaches
  2 goblins
  5 hobgoblins
  3 jackals (D:4)
  2 quokkas
  2 ball pythons
  3 frilled lizards
  4 kobolds
  6 rats
57 creatures vanquished.

Vanquished Creatures (others)
  11 plants (D:2)
11 creatures vanquished.

Grand Total: 68 creatures vanquished

Table legend:
 A = Non-vault XP
 B = Vault XP
 C = Vault XP percentage of total XP
 D = Non-vault monster count
 E = Vault monster count
 F = Vault count percentage of total count
                 A         B        C        D         E       F
            +---------+---------+-------+---------+---------+-------
      Total |     548 |       0 |   0.0 |      57 |       0 |   0.0
            +---------+---------+-------+---------+---------+-------
        D:1 |      17 |       0 |   0.0 |      12 |       0 |   0.0
        D:2 |      78 |       0 |   0.0 |      18 |       0 |   0.0
        D:3 |      74 |       0 |   0.0 |      14 |       0 |   0.0
        D:4 |     379 |       0 |   0.0 |      13 |       0 |   0.0
            +---------+---------+-------+---------+---------+-------

Illustrated notes

Table legend:
 A = Kills in this place as a percentage of kills in entire the game.
 B = Kills by you in this place as a percentage of kills by you in the entire game.
 C = Kills by friends in this place as a percentage of kills by friends in the entire game.
 D = Other kills in this place as a percentage of other kills in the entire game.
 E = Experience gained in this place as a percentage of experience gained in the entire game.
 F = Experience gained in this place divided by the number of levels of this place that you have seen.
                   A       B       C       D       E      F
               +-------+-------+-------+-------+-------+----------------------
         Total | 100.0 | 100.0 |   N/A |   N/A | 100.0 | 137.0
       Dungeon | 100.0 | 100.0 |   N/A |   N/A | 100.0 | 137.0
               +-------+-------+-------+-------+-------+----------------------

Table legend: (Time is in decaauts)
 A = Elapsed time spent in this place.
 B = Non-inter-level travel time spent in this place.
 C = Inter-level travel time spent in this place.
 D = Time resting spent in this place.
 E = Time spent auto-exploring this place.
 F = Levels seen in this place.
 G = Mean time per level.
                   A        B        C        D        E       F      G
               +--------+--------+--------+--------+--------+-----+--------+
         Total |   4625 |   4545 |     80 |    835 |   2927 |   4 | 1156.2 |
       Dungeon |   4625 |   4545 |     80 |    835 |   2927 |   4 | 1156.2 |
               +--------+--------+--------+--------+--------+-----+--------+

Top non-repeatable levels by time:
     D:2: 1650 daAuts
     D:3: 1298 daAuts
     D:1: 1022 daAuts
     D:4: 653 daAuts
